 Dungeon Crawl Stone Soup version 0.18.1-48-g4cf74bf (webtiles) character file.

103 raph the Gusty (level 4, 0/27 HPs)
             Began as a High Elf Air Elementalist on Sept 11, 2016.
             Was a Follower of Kikubaaqudgha.
             Slain by a goblin
             ... wielding a +0 club
              (2 damage)
             ... on level 3 of the Dungeon.
             The game lasted 00:06:25 (3121 turns).

raph the Gusty (High Elf Air Elementalist)          Turns: 3121, Time: 00:06:26

Health: 0/27       AC:  3    Str:  7    XL:     4   Next: 51%
Magic:  5/9        EV: 13    Int: 20    God:    Kikubaaqudgha [*.....]
Gold:   140        SH:  0    Dex: 15    Spells: 4 memorised, 1 level left

rFire  . . .     SeeInvis .     h - +0 short sword
rCold  . . .     Gourm    .     a - +0 robe
rNeg   . . .     Faith    +     (no shield)
rPois  +         Spirit   .     r - +0 helmet
rElec  .         Dismiss  .     (no cloak)
rCorr  .         Reflect  .     (no gloves)
SustAt .         Harm     .     (no boots)
MR     .....                    n - amulet of faith
Stlth  ++........               w - ring of wizardry
                                d - ring of poison resistance

@: repel missiles, not resistant to hostile enchantments, unstealthy
A: no striking features
a: Receive Corpses, Renounce Religion


You were on level 3 of the Dungeon.
You worshipped Kikubaaqudgha.
Kikubaaqudgha was aware of your devotion.
You were not hungry.

You visited 1 branch of the dungeon, and saw 4 of its levels.

You collected 140 gold pieces.

Inventory:

Hand Weapons
 g - a +0 dagger
 h - a +0 short sword (weapon)
Armour
 a - a +0 robe (worn)
 r - a +0 helmet (worn)
Jewellery
 d - a ring of poison resistance (left hand)
 n - an amulet of faith (around neck)
 w - a ring of wizardry (right hand)
Scrolls
 e - 5 scrolls of identify {unknown}
 i - a scroll of random uselessness {unknown}
 m - a scroll of magic mapping {unknown}
 o - a scroll of enchant armour {unknown}
 q - a scroll of amnesia {unknown}
 s - a scroll of immolation {unknown}
 v - a scroll of remove curse {unknown}
Potions
 k - a potion of heal wounds {unknown}
 p - 2 potions of curing {unknown}
 x - a potion of beneficial mutation {unknown}
 z - 2 potions of magic
Books
 b - a book of Air

   Spells                             Type                      Level
   a - Shock                          Conjuration/Air              1
   b - Swiftness                      Charms/Air                   2
   c - Repel Missiles                 Charms/Air                   2
   d - Static Discharge               Conjuration/Air              3
   e - Lightning Bolt                 Conjuration/Air              5
 y - Kikubaaqudgha's Tome of Sinister Magic
   (Kikubaaqudgha gifted it to you on level 3 of the Dungeon)

   Spells                             Type                      Level
   a - Animate Skeleton               Necromancy                   1
   b - Corpse Rot                     Necromancy                   2
   c - Sublimation of Blood           Necromancy                   2
   d - Vampiric Draining              Necromancy                   3
   e - Control Undead                 Necromancy                   4
Comestibles
 c - 5 bread rations
 f - a slice of pizza
 j - 2 beef jerkies
 l - 4 fruits
 t - 2 meat rations
 u - a chunk of flesh


   Skills:
 + Level 1.0 Short Blades
 + Level 2.6 Dodging
 + Level 3.1 Stealth
 + Level 3.1 Spellcasting
 - Level 1.9 Conjurations
 + Level 0.4 Necromancy
 * Level 4.6 Air Magic


You had one spell level left.
You knew the following spells:

 Your Spells              Type           Power        Failure   Level  Hunger
a - Shock                 Conj/Air       ###.         1%          1    None
b - Repel Missiles        Chrm/Air       ##....       4%          2    ##.....
c - Swiftness             Chrm/Air       ##......     4%          2    ##.....
d - Static Discharge      Conj/Air       ###.....     4%          3    ###....


Dungeon Overview and Level Annotations

Branches:
Dungeon (4/15)
 Temple: D:4-7

Altars:
Kikubaaqudgha
Nemelex Xobeh

Annotations:
D:3 Inkary's ghost, amateur HOMo
D:4 Grinder


Message History

Your Short Blades skill increases to level 1!
The bat hits you but does no damage.
Casting: Shock
Confirm with . or Enter, or press ? or * to list all spells.
Aiming: Shock
Press: ? - help, Shift-Dir - straight line, f - bat
Aim: a bat The zap hits the bat.
You kill the bat!
Kikubaaqudgha accepts your kill.
Casting: Shock
Confirm with . or Enter, or press ? or * to list all spells.
Aiming: Shock
Press: ? - help, Shift-Dir - straight line, f - goblin
Aim: a goblin, wielding a club The zap hits the goblin.
The goblin is moderately wounded.
The goblin hits you with a club.
You die...
Kikubaaqudgha rasps: "You have failed me!
Welcome... death!"

## # #.# ######.##
#.# .....W... .>#
.......# #.#
..###### #.# #.##
#.############# #..#
#.............# ##.#
#@###########.# #.##
#g# #.# #..# #.†...#
#.# ##.# #.....# #.#
###.##########.....#
#.#
#..))).............#
#.#
#.##.######........#
#.# #< #..#
........# #.# #
##.## #......### #.#


You could see a goblin.

Vanquished Creatures
  3 adders
  An ooze (D:3)
  4 dart slugs
  4 giant geckos
  2 ball pythons (D:1)
  8 bats
  2 giant cockroaches
  5 goblins
  7 hobgoblins
  5 jackals
  5 giant newts
  7 kobolds
  8 rats
61 creatures vanquished.

Vanquished Creatures (others)
  A human (D:2)
1 creature vanquished.

Grand Total: 62 creatures vanquished

Notes
Turn   | Place    | Note
--------------------------------------------------------------
     0 | D:1      | raph the High Elf Air Elementalist began the quest for the Orb.
     0 | D:1      | Reached XP level 1. HP: 11/11 MP: 4/4
   369 | D:1      | Reached XP level 2. HP: 17/17 MP: 2/6
   440 | D:1      | Learned a level 2 spell: Repel Missiles
   609 | D:1      | Learned a level 2 spell: Swiftness
   609 | D:1      | Found a sparkling altar of Nemelex Xobeh.
  1036 | D:1      | Reached skill level 4 in Air Magic
  1544 | D:2      | Reached XP level 3. HP: 21/21 MP: 4/8
  1954 | D:2      | Found an ancient bone altar of Kikubaaqudgha.
  1955 | D:2      | Noticed a human
  1959 | D:2      | Killed a human
  1962 | D:2      | Became a worshipper of Kikubaaqudgha
  2498 | D:3      | Reached XP level 4. HP: 27/27 MP: 2/9
  2560 | D:3      | Learned a level 3 spell: Static Discharge
  2762 | D:3      | Noticed Inkary's ghost (amateur HOMo)
  2891 | D:4      | Noticed Grinder
  3103 | D:3      | Reached * piety under Kikubaaqudgha
  3103 | D:3      | Received a gift from Kikubaaqudgha
  3104 | D:3      | Identified Kikubaaqudgha's Tome of Sinister Magic (Kikubaaqudgha gifted it to you on level 3 of the Dungeon)
  3119 | D:3      | Reached skill level 1 in Short Blades
  3121 | D:3      | Slain by a goblin

Skill      XL: |  1  2  3  4 |
---------------+-------------+-----
Air Magic      | 4 |  4.6
Stealth        | 3 |  3.1
Spellcasting   | 3 |  3.1
Short Blades   | 1 |  1.0
Dodging        | |  2.6
Conjurations   | |  1.9
Necromancy     | |  0.4

Action                   |  1- 3 |  4- 6 || total
-------------------------+-------+-------++-------
Melee: Unarmed           |     7 |       ||     7
       Dagger            |    10 |       ||    10
       Short sword       |    21 |    13 ||    34
 Cast: Shock             |    96 |    36 ||   132
       Repel Missiles    |     1 |       ||     1
  Use: Potion            |       |     1 ||     1
 Stab: Sleeping          |     1 |       ||     1
  Eat: Chunk             |     5 |     2 ||     7
Armor: Robe              |    14 |     8 ||    22
Dodge: Dodged            |    49 |    27 ||    76
